 Dungeon Crawl Stone Soup version 0.32-a0-18-g89e19f1974 (webtiles) character file.

Game seed: 8279685499584287815

222151 jasper the Metamorph (level 18, -9/118 HPs)
             Began as a Spriggan Hexslinger on Jan 16, 2024.
             Was the Champion of Hepliaklqana.
             Mangled by a tentacle (18 damage)
             ... attached to a kraken
             ... on level 3 of the Shoals.
             The game lasted 01:11:08 (39528 turns).

jasper the Metamorph (Spriggan Hexslinger)         Turns: 39528, Time: 01:11:09

Health: -9/118     AC: 30    Str:  4    XL:     18   Next: 9%
Magic:  18/26      EV: 43    Int: 14    God:    Hepliaklqana [******]
Gold:   1563       SH:  5    Dex: 26    Spells: 10/19 levels left

rFire   . . .        W - +1 arbalest (heavy)
rCold   . . .        (shield currently unavailable)
rNeg    + . .        Q - melded +2 steam dragon scales
rPois   ∞            (helmet restricted)
rElec   +            D - +0 cloak
rCorr   +            (gloves unavailable)
SInv    +            (boots unavailable)
Will    +++..        w - amulet of reflection
Stlth   ++++         s - +5 ring of evasion
HPRegen 0.39/turn    N - ring of resist corrosion
MPRegen 0.20/turn

%: reflection
@: about to teleport, statue-form, portalling projectiles, mesmerised, very
slightly contaminated, very slow
A: slow and powerful, torment resistance 1, boosted hp, reduced essence, very
small, no large weapons, unfitting armour, see invisible, (speed 3)
}: 2/15 runes: serpentine, barnacled
a: Begin Untransformation, Renounce Religion, Recall Ancestor, Ancestor
Identity, Transference, Idealise


You were on level 3 of the Shoals.
You worshipped Hepliaklqana.
Hepliaklqana was exalted by your worship.
You were a living statue of rough stone.
You visited 6 branches of the dungeon, and saw 31 of its levels.
You also visited: Gauntlet.

You collected 2597 gold pieces.
You spent 1034 gold pieces at shops.

Inventory:

Hand Weapons
 S - a +0 arbalest of flaming
 W - a +1 heavy arbalest (weapon)
Missiles
 A - 7 throwing nets
 R - a curare-tipped dart
Armour
 e - a +2 buckler of protection
 D - a +0 cloak (worn)
 Q - +2 steam dragon scales (melded)
Jewellery
 c - a ring of willpower
 s - a +5 ring of evasion (left fist)
 w - an amulet of reflection (around neck)
 G - a ring of ice
 L - a ring of flight
 N - a ring of resist corrosion (right fist)
Talismans
 Z - a granite talisman (active)
Wands
 t - a wand of roots (19)
 y - a wand of quicksilver (28)
 B - a wand of charming (25)
 C - a wand of mindburst (15)
 F - a wand of flame (15)
 M - a wand of polymorph (24)
Scrolls
 b - 5 scrolls of poison
 d - 4 scrolls of noise
 g - a scroll of blinking
 k - 4 scrolls of immolation
 q - 17 scrolls of teleportation
 v - a scroll of revelation
 H - 8 scrolls of identify
 I - 3 scrolls of vulnerability
 J - a scroll of torment
 O - 4 scrolls of enchant weapon
 T - 5 scrolls of fog
 V - 2 scrolls of fear
 Y - a scroll of amnesia
Potions
 f - 4 potions of might
 h - 15 potions of curing
 i - 9 potions of attraction
 j - 5 potions of lignification
 l - a potion of ambrosia
 n - 5 potions of haste
 p - 7 potions of degeneration
 r - 4 potions of berserk rage
 u - 4 potions of brilliance
 x - 5 potions of mutation
 z - 4 potions of resistance
 E - 5 potions of invisibility
 K - 5 potions of enlightenment
 P - 6 potions of magic
 U - a potion of cancellation
Miscellaneous
 a - a phial of floods
 o - a phantom mirror (inert)
 X - a lightning rod (4/4)


   Skills:
 + Level 14.6 Fighting
 - Level 18.0 Ranged Weapons
 + Level 17.8 Dodging
 - Level 7.0 Stealth
 - Level 1.3 Spellcasting
 - Level 8.0 Hexes
 - Level 8.0 Translocations
 - Level 0.7 Fire Magic
 - Level 10.2 Invocations
 + Level 18.1 Shapeshifting


You had 10 spell levels left.
You knew the following spells:

 Your Spells              Type           Power      Damage    Failure   Level
a - Dimensional Bullseye  Hex/Tloc       11%        N/A       10%         4
b - Yara's Violent Unrav  Hex/Alch       6%         3d5       80%         5

Your spell library contained the following spells:

 Spells                   Type           Power      Damage    Failure   Level
 Slow                     Hex            92%        N/A       1%          1
 Jinxbite                 Hex            46%        N/A       1%          2
 Lesser Beckoning         Tloc           46%        N/A       1%          2
 Confusing Touch          Hex            23%        N/A       2%          3
 Gell's Gravitas          Tloc           23%        N/A       2%          3
 Sigil of Binding         Hex            23%        N/A       2%          3
 Teleport Other           Tloc           23%        N/A       2%          3
 Cause Fear               Hex            11%        N/A       10%         4
 Inner Flame              Hex/Fire       13%        N/A       13%         3
 Freeze                   Ice            0%         1d3       26%         1
 Kiss of Death            Conj/Necr      0%         2d5       26%         1
 Mercury Vapours          Alch/Air       0%         N/A       36%         2
 Frozen Ramparts          Ice            0%         1d1       58%         3
 Hailstorm                Conj/Ice       0%         3d5       58%         3
 Mephitic Cloud           Conj/Alch/Air  0%         N/A       58%         3
 Summon Ice Beast         Ice/Summ       0%         N/A       58%         3
 Vampiric Draining        Necr           0%         2d6       58%         3
 Dispel Undead            Necr           0%         3d6       94%         4
 Olgreb's Toxic Radiance  Alch           0%         N/A       94%         4
 Freezing Cloud           Conj/Ice/Air   0%         6-21      100%        5
 Conjure Ball Lightning   Conj/Air       0%         3x3d6     100%        6
 Sculpt Simulacrum        Ice/Alch       0%         N/A       100%        6
 Enfeeble                 Hex            11%        N/A       100%        7
 Ozocubu's Refrigeration  Ice            0%         4d7       100%        7
 Discord                  Hex            11%        N/A       100%        8
 Disjunction              Tloc           11%        N/A       100%        8


Dungeon Overview and Level Annotations

Branches:
Dungeon (15/15)            Temple (1/1) D:5            Lair (5/5) D:9
 Shoals (4/4) Lair:2        Snake (4/4) Lair:3        Slime (0/5) Lair:5
    Orc (2/2) D:11            Elf (0/3) Orc:2        Vaults (0/5) D:13
 Depths (0/4) D:15        Gauntlet (visited)

Altars:
Ashenzari
Cheibriados
Dithmenos
Elyvilon
Fedhas
Gozag
Hepliaklqana
Kikubaaqudgha
Makhleb
Nemelex Xobeh
Okawaru
Qazlal
Ru
Sif Muna
Trog
Uskayaw
Vehumet
Wu Jian
Xom
Yredelemnul
Zin
The Shining One
Jiyva

Shops:
D:9 !   Orc:2 **:(?(   Shoals:2 [   Shoals:3 **   Shoals:4 (   Snake:1 (!

Annotations:
Temple 2 transporters
Lair:5 exclusion: 3 oklob plants
Orc:1 3 runed translucent doors, Koarghis's ghost, journeyman MiBe; Liezuv's ghost, journeyman HOFi; Mummolef's ghost, journeyman TrSh
Orc:2 1 runed translucent door, Sabo's ghost, journeyman MiMo


Innate Abilities, Weirdness & Mutations

You are a living statue of rough stone.
Your actions are slow, but your melee attacks are powerful.
You are resistant to unholy torment.
Your maximum health is greatly increased.
Your equipment is partially melded.
Your life essence is reduced to manifest your ancestor. (-10% HP)
You are very small and have problems with some larger weapons.
You are too small for most types of armour.
You are immune to poison.
You have supernaturally acute eyesight. (SInv)
((You cover ground extremely quickly. (Speed+++)))


Message History

The merfolk completely misses you. You block the sea snake's attack.
The merfolk avatar chants its luring song.
The tentacle completely misses you. x2; The tentacle misses you.
The tentacle completely misses you.
You take 7 damage, and have 55/118 hp.
You now have 17/26 mp.
You shoot a bolt.
The bolt hits the tentacle but does no damage.
Your projectile teleports!
The bolt hits the kraken!!!
The kraken is heavily wounded.
A tentacle segment bursts forth from the water. x2
The tentacle misses you. The tentacle closely misses you.
The tentacle completely misses you.
The tentacle slaps you but does no damage.
The merfolk completely misses you. The sea snake bites you!
The tentacle completely misses you.
The tentacle slaps you but does no damage.
The tentacle completely misses you. The tentacle barely misses you.
The merfolk avatar chants its luring song.
The merfolk throws a boomerang.
The boomerang completely misses you. The sea snake completely misses you.
The tentacle slaps you but does no damage.
The tentacle slaps you!!
* * * LOW HITPOINT WARNING * * *
The tentacle completely misses you. x2
The merfolk avatar chants its luring song.
You block the merfolk's attack. The sea snake closely misses you.
You take 34 damage, and have 21/118 hp.
MASSIVE DAMAGE!!
Okay, then.
As you read the scroll of teleportation, it crumbles to dust.
You feel strangely unstable. The tentacle completely misses you. x2
The tentacle barely misses you. The tentacle completely misses you. x2
The tentacle barely misses you. The tentacle closely misses you.
The tentacle completely misses you.
The merfolk avatar chants its luring song.
You block the sea snake's attack.
The merfolk throws a boomerang.
The boomerang completely misses you. The tentacle completely misses you.
The tentacle slaps you!
* * * LOW HITPOINT WARNING * * *
The tentacle slaps you!!
You die...

.......#..[....#..~~~≈≈≈#
...............##)~~~≈≈≈#
............~.##.~~~≈≈≈#
..........(~(.##.~~≈≈≈≈#
...........~....~~~≈≈≈≈#
...............~~≈≈≈≈≈#
.........m...~~≈≈≈≈≈≈≈#
≈.....w.....~~~≈≈≈≈≈≈≈#
≈≈≈..*w8S..~~≈≈≈≈≈≈≈≈≈#
≈≈≈≈~~ww..)~≈≈≈≈≈≈≈≈≈≈#
≈≈≈mX~≈≈§.~~~≈≈≈≈≈≈≈≈≈#
≈≈≈≈~*≈≈≈.§§~≈≈≈≈≈≈≈≈≈#
≈≈≈≈~~.~≈.~~~≈≈≈≈≈≈≈≈
≈≈≈≈≈~≈≈§§~§~≈≈≈≈≈≈≈
≈≈≈~~~≈§§§~~~~≈≈≈≈≈
≈≈...≈≈≈...~~~~≈≈≈ ,~~


You could see a kraken (bullseye target), a merfolk avatar (mesmerising), a sea
snake, a merfolk and 4 tentacles.

Vanquished Creatures
  Jorgrun (D:15)
  Mlioglotl (Snake:4)
  Polyphemus (Shoals:3)
  A kraken (Shoals:3)
  Ilsuiw (Shoals:2)
  Roxanne (D:15)
  5 nagarajas (Snake:4)
  An orc warlord (Orc:1)
  A minotaur (Gauntlet)
  Azrael (D:15)
  3 merfolk javelineers
  7 merfolk impalers
  A rakshasa (D:15)
  5 hydras
  2 salamander tyrants (Snake:4)
  4 catoblepae
  2 merfolk avatars (Shoals:4)
  5 anacondas
  8 centaur warriors
  4 two-headed ogres
  2 merfolk aquamancers
  3 boulder beetles
  2 satyrs (Shoals:4)
  8 death yaks
  11 naga warriors
  2 tengu warriors (D:13)
  13 naga sharpshooters
  3 shock serpents
  An occultist (D:15)
  4 skysharks
  Sonja (D:11)
  3 salamander mystics
  6 sea snakes
  3 mana vipers (Snake:4)
  2 arcanists
  2 naga ritualists (Snake:4)
  Pikel (D:9)
  An obsidian statue (Gauntlet)
  9 harpies
  2 necromancers
  9 orc sorcerers
  A deep elf zephyrmancer (D:13)
  2 oklob plants (Shoals:4)
  A deep elf pyromancer (D:15)
  3 cyclopes
  An orc knight (Orc:1)
  4 ugly things
  9 fauns
  A wolf spider (D:14)
  4 manticores
  10 salamanders
  2 kobold blastminers (Orc:2)
  3 merfolk sirens
  6 slime creatures
  6 elephants
  An ice statue (D:13)
  5 water nymphs
  A guardian serpent (Snake:1)
  A centaur zombie (D:15)
  2 gargoyles
  15 black mambas
  13 naga magi
  A centaur skeleton (D:15)
  9 cane toads
  2 unseen horrors (D:12)
  A kobold demonologist (D:10)
  An ice devil (Gauntlet)
  2 rime drakes
  9 komodo dragons
  A queen bee (Gauntlet)
  7 trolls
  31 merfolk
  3 wind drakes
  11 dream sheep
  4 snapping turtles
  21 blink frogs
  53 yaks
  4 spriggans (Lair:5)
  2 shadows
  5 water elementals
  A wyvern (Lair:3)
  A centaur simulacrum (D:15)
  4 wraiths
  3 basilisks
  7 wargs
  4 vampire mosquitoes
  2 fire elementals (D:15)
  34 nagas
  An acid dragon (D:14)
  16 water moccasins
  2 hell hounds (D:15)
  A sky beast (D:7)
  17 orc warriors
  An ice beast (D:6)
  3 laughing skulls (Gauntlet)
  A black bear (D:5)
  5 ogres
  14 centaurs
  7 wolves
  A lemure (D:9)
  3 phantoms
  A weeping skull (Gauntlet)
  2 kobold brigands
  6 bullfrogs
  2 gnoll sergeants
  10 scorpions
  4 wights
  3 killer bees (Gauntlet)
  4 howler monkeys
  An electric eel (Lair:2)
  2 bombardier beetles (D:6)
  7 lava snakes
  A gnoll bouda (D:6)
  16 orc priests
  6 hounds
  2 jellies (D:6)
  3 iguanas
  Ijyb (D:4)
  A sleepcap (D:6)
  33 orc wizards
  13 gnolls
  14 adders
  A shadow imp (Gauntlet)
  3 white imps (Gauntlet)
  2 dart slugs
  4 ribbon worms
  65 orcs
  4 bats
  3 endoplasms
  9 goblins
  6 hobgoblins
  2 jackals (D:2)
  5 quokkas
  4 ball pythons
  9 frilled lizards
  8 kobolds
  4 rats
  2 tentacles (Shoals:3)
792 creatures vanquished.

Vanquished Creatures (collateral kills)
  Saint Roka (Snake:4)
  A merfolk javelineer (Shoals:4)
  2 merfolk impalers
  Erolcha (Orc:2)
  A merfolk avatar (Shoals:2)
  2 hydras
  A rakshasa (D:15)
  An anaconda (Snake:3)
  A catoblepas (Lair:5)
  A salamander tyrant (Snake:4)
  2 merfolk aquamancers (Shoals:4)
  An alligator snapping turtle (Shoals:2)
  2 two-headed ogres
  4 naga warriors
  2 naga sharpshooters
  A shock serpent (Snake:2)
  2 salamander mystics
  5 harpies (Shoals:1)
  A lindwurm (Lair:4)
  2 orc sorcerers (Orc:2)
  4 salamanders
  2 ugly things
  2 manticores
  6 fauns
  2 cyclopes
  5 elephants
  2 naga magi
  7 black mambas
  A water nymph (Shoals:2)
  A cane toad (Lair:5)
  Maggie (D:6)
  A torpor snail (Lair:4)
  A komodo dragon (Lair:4)
  A rime drake (Lair:5)
  2 trolls
  11 merfolk
  A polar bear (Lair:1)
  2 wind drakes
  2 blink frogs (Lair:2)
  2 slime creatures (D:13)
  4 snapping turtles
  7 dream sheep
  4 water elementals
  2 spriggans (Lair:5)
  3 wyverns
  14 yaks
  A fire elemental (D:15)
  4 vampire mosquitoes
  2 wargs (Orc:2)
  4 nagas
  3 water moccasins
  5 orc warriors
  An ice beast (D:6)
  A black bear (D:8)
  4 ogres (Orc:2)
  A sky beast (D:7)
  4 wolves
  A centaur (D:9)
  2 bullfrogs
  3 scorpions
  3 wights
  A killer bee (Gauntlet)
  A jelly (D:7)
  3 orc priests
  2 sleepcaps
  7 orc wizards
  A gnoll (D:9)
  A shadow imp (Gauntlet)
  11 orcs
  A giant cockroach (D:4)
191 creatures vanquished.

Vanquished Creatures (others)
  27 knights
  An ancestor (D:8)
  13 tentacles (Shoals:3)
41 creatures vanquished.

Grand Total: 1024 creatures vanquished

Notes
Turn   | Place    | Note
-------+----------+-------------------------------------------
     0 | D:1      | jasper the Spriggan Hexslinger began the quest for the Orb.
     0 | D:1      | Reached XP level 1. HP: 9/9 MP: 3/3
    30 | D:1      | Reached skill level 1 in Fighting
   198 | D:1      | Reached XP level 2. HP: 14/14 MP: 5/5
   707 | D:2      | Reached XP level 3. HP: 18/18 MP: 6/6
   776 | D:2      | You fall into a shaft and drop 1 floor!
  1313 | D:3      | Found a sacrificial altar of Ru.
  1517 | D:4      | Reached XP level 4. HP: 13/23 MP: 7/7
  1548 | D:4      | Noticed a phantom
  1607 | D:4      | Noticed Ijyb
  1631 | D:4      | HP: 1/23 [Ijyb/bolt of dispelling energy (18)]
  1785 | D:4      | Reached skill level 5 in Dodging
  1818 | D:5      | Entered Level 5 of the Dungeon
  1863 | D:5      | Found a staircase to the Ecumenical Temple.
  1875 | D:5      | Noticed a phantom
  1953 | D:5      | Killed a phantom
  1954 | D:5      | Reached XP level 5. HP: 28/28 MP: 8/8
  1981 | Temple   | Found a transporter.
  1981 | Temple   | Found a transporter.
  1981 | Temple   | Found a transporter.
  1981 | Temple   | Found a transporter.
  1981 | Temple   | Entered the Ecumenical Temple
  1997 | Temple   | Became a worshipper of Hepliaklqana the Forgotten
  2238 | D:5      | Reached skill level 1 in Stealth
  2238 | D:5      | Noticed a water moccasin
  2250 | D:5      | Reached XP level 6. HP: 22/32 MP: 9/9
  2347 | D:5      | Killed a water moccasin
  2492 | D:5      | Reached XP level 7. HP: 22/37 MP: 10/10
  2581 | D:5      | Reached skill level 5 in Stealth
  2862 | D:5      | Reached skill level 5 in Fighting
  3069 | D:5      | Reached XP level 8. HP: 33/43 MP: 11/11
  3166 | D:5      | Reached skill level 5 in Ranged Weapons
  3883 | D:6      | Reached * piety under Hepliaklqana
  4210 | D:6      | Reached XP level 9. HP: 42/42 MP: 12/12
  4215 | D:6      | Found a shadowy altar of Dithmenos.
  4308 | D:6      | Noticed Maggie
  5538 | D:8      | Noticed a two-headed ogre
  5615 | D:8      | Killed a two-headed ogre
  5616 | D:8      | Reached skill level 10 in Ranged Weapons
  5840 | D:8      | Reached ** piety under Hepliaklqana
  5848 | D:8      | Remembered your ancestor tater as a knight
  6538 | D:9      | Reached XP level 10. HP: 45/45 MP: 13/13
  6984 | D:9      | Found a staircase to the Lair.
  7236 | D:9      | Noticed Pikel
  7256 | D:9      | Killed Pikel
  7413 | D:9      | Found Kyqafyr's Distillery.
  7438 | D:9      | Bought a potion of curing for 45 gold pieces
  7438 | D:9      | Bought a potion of curing for 45 gold pieces
  7438 | D:9      | Bought a potion of curing for 45 gold pieces
  7438 | D:9      | Bought a potion of curing for 45 gold pieces
  7438 | D:9      | Bought a potion of enlightenment for 75 gold pieces
  7677 | D:10     | Entered Level 10 of the Dungeon
  7727 | D:10     | Noticed a two-headed ogre
  7769 | D:10     | Killed a two-headed ogre
  8086 | D:10     | Reached *** piety under Hepliaklqana
  8166 | D:10     | Noticed a sun demon
  8731 | D:11     | Reached skill level 1 in Invocations
  8847 | D:11     | Reached XP level 11. HP: 50/50 MP: 14/14
  8906 | D:11     | Noticed Sonja
  8907 | D:11     | Noticed a two-headed ogre
  8945 | D:11     | Killed a two-headed ogre
  8953 | D:11     | Killed Sonja
  9016 | D:11     | Noticed a two-headed ogre
  9040 | D:11     | Killed a two-headed ogre
  9393 | D:11     | Found a staircase to the Orcish Mines.
  9887 | D:6      | Killed Maggie
  9888 | D:6      | Reached skill level 5 in Invocations
  9964 | D:6      | Found a broken altar of Ashenzari.
 10640 | D:4      | Killed Ijyb
 10724 | D:4      | Reached **** piety under Hepliaklqana
 11099 | Lair:1   | Entered Level 1 of the Lair of Beasts
 11584 | Lair:1   | Reached skill level 10 in Dodging
 11816 | Lair:1   | Reached XP level 12. HP: 53/56 MP: 17/17
 11856 | Lair:1   | Reached ***** piety under Hepliaklqana
 12565 | Lair:2   | Learned a level 4 spell: Dimensional Bullseye
 12833 | Lair:2   | Noticed a seven-headed hydra
 12846 | Lair:2   | Killed a seven-headed hydra
 13032 | Lair:2   | Noticed a six-headed hydra
 13062 | Lair:2   | Killed a six-headed hydra
 13520 | Lair:2   | Reached skill level 1 in Translocations
 13563 | Lair:2   | Found a staircase to the Shoals.
 14070 | Lair:3   | Noticed a seven-headed hydra
 14081 | Lair:3   | Killed a seven-headed hydra
 14082 | Lair:3   | Reached skill level 5 in Hexes
 14265 | Lair:3   | Reached skill level 5 in Translocations
 14305 | Lair:3   | Noticed a boulder beetle
 14325 | Lair:3   | Killed a boulder beetle
 14898 | Lair:3   | Reached XP level 13. HP: 62/62 MP: 19/19
 15147 | Lair:3   | Found a staircase to the Snake Pit.
 16256 | Lair:4   | Identified the +1 whip of Cuygh {venom, rN+}
 17445 | Orc:1    | Entered Level 1 of the Orcish Mines
 17778 | Orc:1    | Noticed an orc warlord
 18248 | Orc:1    | Killed an orc warlord
 18320 | Orc:1    | Found a runed translucent gate.
 18320 | Orc:1    | Found a runed translucent gate.
 18320 | Orc:1    | Found a runed translucent gate.
 18320 | Orc:1    | Noticed Liezuv's ghost (journeyman HOFi)
 18320 | Orc:1    | Noticed Mummolef's ghost (journeyman TrSh)
 18330 | Orc:1    | Noticed Koarghis's ghost (journeyman MiBe)
 18368 | Orc:2    | Entered Level 2 of the Orcish Mines
 18368 | Orc:2    | Found Huru Nem's General Store.
 18490 | Orc:2    | Bought a potion of heal wounds for 75 gold pieces
 18490 | Orc:2    | Bought a potion of curing for 45 gold pieces
 18867 | Orc:2    | Found Wohong's Whimsical Warehouse.
 19050 | Orc:2    | Found a staircase to the Elven Halls.
 19246 | Orc:2    | Found a runed translucent door.
 19363 | Orc:2    | Noticed Sabo's ghost (journeyman MiMo)
 20251 | Orc:2    | Reached skill level 10 in Fighting
 20265 | Orc:2    | Reached XP level 14. HP: 55/68 MP: 21/21
 20324 | Orc:2    | Found Vuochut's Antique Weapon Emporium.
 20346 | Orc:2    | Found a radiant altar of Vehumet.
 20347 | Orc:2    | Noticed Erolcha
 20372 | Orc:2    | Killed Erolcha
 20575 | Orc:2    | Found an ancient bone altar of Kikubaaqudgha.
 20721 | Orc:2    | Found Teoxux's Magic Scroll Shoppe.
 20729 | Orc:2    | Bought a scroll of fear for 48 gold pieces
 20729 | Orc:2    | Bought a scroll of fear for 48 gold pieces
 20756 | Orc:2    | Found Adyos's Book Emporium.
 20759 | Orc:2    | Found Qeulev's Antique Weapon Shoppe.
 20786 | Orc:2    | Bought a glowing arbalest for 247 gold pieces
 21264 | Orc:1    | Reached skill level 15 in Ranged Weapons
 21560 | Lair:5   | Entered Level 5 of the Lair of Beasts
 21560 | Lair:5   | Found a gate leading to a gauntlet.
 21573 | Gauntlet | Entered a Gauntlet
 21573 | Gauntlet | Found a transporter.
 21582 | Gauntlet | Found a transporter.
 21585 | Gauntlet | Found a transporter.
 21586 | Gauntlet | Found a transporter.
 21592 | Gauntlet | Found a runed translucent gate.
 21592 | Gauntlet | Found a runed translucent gate.
 21592 | Gauntlet | Found a runed translucent gate.
 21594 | Gauntlet | Found a transporter.
 21597 | Gauntlet | Found a transporter.
 21598 | Gauntlet | Found a transporter.
 21607 | Gauntlet | Found a transporter.
 21610 | Gauntlet | Found a transporter.
 21611 | Gauntlet | Found a transporter.
 21615 | Gauntlet | Found a runed translucent door.
 21617 | Gauntlet | Found a runed translucent door.
 21619 | Gauntlet | Found a transporter.
 21622 | Gauntlet | Found a transporter.
 21623 | Gauntlet | Found a transporter.
 21631 | Gauntlet | Found a transporter.
 22021 | Gauntlet | Identified the +2 great mace of Karma {speed, rPois rF+
                  | Dex+3}
 22416 | Lair:5   | Identified the +0 robe "Ereim" {+Blink}
 23384 | Lair:5   | Found a viscous altar of Jiyva.
 23386 | Lair:5   | Found a staircase to the Slime Pits.
 25013 | D:12     | Reached XP level 15. HP: 72/72 MP: 22/22
 25179 | D:12     | Learned a level 5 spell: Yara's Violent Unravelling
 25704 | D:13     | Found a gate to the Vaults.
 26288 | D:14     | Reached skill level 10 in Invocations
 26461 | D:14     | Found a snail-covered altar of Cheibriados.
 27096 | D:15     | Entered Level 15 of the Dungeon
 27096 | D:15     | Noticed Roxanne
 27107 | D:15     | Killed Roxanne
 27318 | D:15     | Reached skill level 15 in Dodging
 27398 | D:15     | Noticed Azrael
 27405 | D:15     | Killed Azrael
 27506 | D:15     | Reached skill level 1 in Shapeshifting
 27590 | D:15     | Found a staircase to the Depths.
 27754 | D:15     | Noticed Jorgrun
 27793 | D:15     | Killed Jorgrun
 27860 | D:15     | Found a burning altar of Makhleb.
 28236 | Snake:1  | Entered Level 1 of the Snake Pit
 28490 | Lair:3   | Reached skill level 5 in Shapeshifting
 29257 | Snake:1  | Found Licimopu's Weapon Shoppe.
 29296 | Snake:1  | Found Verren's Distillery.
 29302 | Snake:1  | Bought a potion of magic for 160 gold pieces
 29302 | Snake:1  | Bought a potion of curing for 60 gold pieces
 29302 | Snake:1  | Bought a potion of curing for 60 gold pieces
 29381 | Snake:1  | Found a broken altar of Ashenzari.
 29593 | Snake:2  | Found a shadowy altar of Dithmenos.
 29962 | Snake:2  | Reached XP level 16. HP: 79/79 MP: 24/24
 30808 | Snake:3  | Reached skill level 10 in Shapeshifting
 31671 | Snake:3  | HP: 1/79 [naga sharpshooter/bolt (13)]
 32437 | Snake:4  | Entered Level 4 of the Snake Pit
 32451 | Snake:4  | Noticed Mlioglotl
 32782 | Snake:4  | Killed Mlioglotl
 33166 | Snake:4  | Noticed Saint Roka
 33179 | Snake:4  | Killed Saint Roka
 34192 | Snake:4  | Reached skill level 15 in Shapeshifting
 34865 | Snake:4  | Got a serpentine rune of Zot
 34964 | Snake:4  | Reached XP level 17. HP: 83/83 MP: 25/25
 35419 | Shoals:1 | Entered Level 1 of the Shoals
 36382 | Shoals:2 | Noticed Ilsuiw
 36389 | Shoals:2 | Killed Ilsuiw
 36528 | Shoals:2 | Found Olowy's Armour Boutique.
 37215 | Shoals:3 | Reached ****** piety under Hepliaklqana
 37225 | Shoals:3 | Found Ylutraar's Specific Store.
 37225 | Shoals:3 | Found Zagekoh's General Store.
 37242 | Shoals:3 | Bought a potion of curing for 36 gold pieces
 37275 | Shoals:3 | Noticed Polyphemus
 37300 | Shoals:3 | Killed Polyphemus
 37603 | Shoals:4 | Entered Level 4 of the Shoals
 39126 | Shoals:4 | Reached XP level 18. HP: 91/91 MP: 26/26
 39141 | Shoals:4 | Got a barnacled rune of Zot
 39279 | Shoals:4 | Found Ymihykh's Weapon Boutique.
 39455 | Shoals:3 | Identified the +1 pair of boots "Unogarph" {Int+3}
 39528 | Shoals:3 | Mangled by a tentacle

Illustrated notes

Levels and vault maps discovered:
D:1:      moated_graveyard_arrival, layout_rooms
D:2:      layout_basic, minmay_tromino_v4_b
D:3:      cheibrodos_old_hovel, layout_rooms, mainiacjoe_overflow_boulevard
D:4:      layout_basic, kennysheep_flooded_box, uniq_ijyb
D:5:      old_forge, layout_basic, temple_doors_e, minmay_lizard_king
D:6:      layout_cave_pools, mainiacjoe_overflow_chevrons,
          nicolae_ashenzari_panopticon, grunt_ministairs_7,
          kennysheep_generic_room_12, uniq_maggie
D:7:      layout_loops_cross
D:8:      layout_loops_ring, kennysheep_cross_bottleneck
D:9:      layout_rooms, dpeg_oklobed_lair, serial_shops, nicolae_shop_peninsula,
          uniq_pikel
D:10:     layout_basic
D:11:     layout_loops_ring, erik_orc_3, uniq_sonja
D:12:     layout_loops_ring
D:13:     layout_basic, david_vaults_1, minivault_16,
          hangedman_abyss_or_decor_passed
D:14:     layout_basic, cheibriados_altar_2, hangedman_decor_lopped,
          kennysheep_nub
D:15:     grunt_enter_depths_magical_seal, layout_basic, bloody_makhleb,
          uniq_azrael, uniq_roxanne, uniq_jorgrun
Temple:   hellmonk_temple_divided_pantheon
Lair:1:   layout_regular_city, serial_bayou_shore_a
Lair:2:   layout_gridlike, mainiacjoe_shoals_entry_four_pools,
          chequers_serial_rivers_large_a
Lair:3:   layout_roguey, nicolae_snake_entry_warm_welcome, nzn_sisyphean_effort
Lair:4:   layout_cave_pods, minivault_11, grunt_megastairs_5
Lair:5:   evilmike_catoblepas_cave, layout_gridlike,
          minmay_slime_entry_oklob_enclosed, gauntlet_entry_generic,
          wad_woods_01
Shoals:1: layout_shoals
Shoals:2: nicolae_shoals_aurelia_aurita, layout_shoals, serial_shops,
          shop_fountains, nicolae_shoals_dead_sea_scrolls, uniq_ilsuiw
Shoals:3: nicolae_shoals_island_circles, layout_shoals, nicolae_specific_store,
          uniq_polyphemus
Shoals:4: shoals_end_grunt_garden, layout_shoals, serial_shops,
          nicolae_shop_tiny_real_fake_doors, nicolae_shoals_this_corrosion
Snake:1:  layout_basic, basic_altar, serial_shops, shop, shop,
          nicolae_snake_single_loop
Snake:2:  layout_basic, basic_altar
Snake:3:  layout_layer_cave, st_stairs_6
Snake:4:  snake_pit, layout_cave_shapes, uniq_saint_roka, uniq_mlioglotl
Orc:1:    layout_diamond_mine, basic_altar, gammafunk_ghost_cemetery
Orc:2:    kennysheep_orc_mage_school, layout_caves,
          ebering_ghost_reflecting_pool, serial_shops,
          nicolae_shop_competitors_out_of_business, nicolae_alphabet_shops,
          mines5_lemuel

Skill      XL: |  1  2  3  4  5  6  7  8  9 10 11 12 13 14 15 16 17 18 |
---------------+-------------------------------------------------------+-----
Fighting       | 1 2 3 4 5 7 8 10 12 14 | 14.6
Dodging        | 3 4 5 6 10 11 13 15 17 | 17.8
Stealth        | 1 4 7 |  7.0
Ranged Weapons | 4 8 11 14 18 | 18.0
Invocations    | 2 6 7 9 10 | 10.2
Translocations | 7 8 |  8.0
Hexes          | 7 8 |  8.0
Shapeshifting  | 8 16 17 18 | 18.1
Spellcasting   | |  1.3
Fire Magic     | |  0.7

Action                     |  1- 3 |  4- 6 |  7- 9 | 10-12 | 13-15 | 16-18 || total
---------------------------+-------+-------+-------+-------+-------+-------++-------
   Fire: Sling             |   131 |    97 |   413 |    14 |       |       ||   655
         Shortbow          |       |       |       |   792 |   587 |       ||  1379
         Arbalest          |       |       |       |       |   767 |   654 ||  1421
   Cast: Dimensional Bulls |       |       |       |       |     3 |     5 ||     8
 Invoke: Recall Ancestor   |       |       |     1 |    11 |    29 |     5 ||    46
         Ancestor Life: Kn |       |       |     1 |       |       |       ||     1
         Ancestor Identity |       |       |     1 |       |       |       ||     1
         Idealise          |       |       |       |     3 |    14 |     6 ||    23
         Transference      |       |       |       |       |     1 |       ||     1
  Evoke: Wand              |       |       |     6 |       |     3 |       ||     9
         Phantom mirror    |       |       |       |       |       |     1 ||     1
    Use: Scroll            |     6 |     2 |     3 |    12 |    10 |     6 ||    39
         Potion            |       |       |     3 |     1 |     4 |     1 ||     9
 Armour: Robe              |     9 |     8 |    35 |     9 |       |       ||    61
         Steam dragon scal |       |       |       |    30 |   106 |    27 ||   163
         Skin              |       |       |       |       |       |   169 ||   169
  Dodge: Dodged            |    45 |    43 |    97 |   133 |   364 |   809 ||  1491
  Block: Other             |     3 |     7 |    23 |    32 |    69 |    88 ||   222
         Reflection        |       |       |     2 |     3 |     8 |    20 ||    33
   Form: Statue            |       |       |       |       |       |     1 ||     1

Table legend: (Time is in decaauts)
 A = Elapsed time spent in this place.
 B = Non-inter-level travel time spent in this place.
 C = Inter-level travel time spent in this place.
 D = Time resting spent in this place.
 E = Time spent auto-exploring this place.
 F = Levels seen in this place.
 G = Mean time per level.
                   A        B        C        D        E       F      G
               +--------+--------+--------+--------+--------+-----+--------+
         Total |  35461 |  33600 |   1861 |  11909 |  15192 |  32 | 1108.2 |
       Dungeon |  10910 |  10224 |    686 |   2323 |   5675 |  15 |  727.3 |
        Temple |     26 |     21 |      5 |      0 |      0 |   1 |   26.0 |
          Lair |   8187 |   7749 |    438 |   3115 |   3223 |   5 | 1637.4 |
        Shoals |   6762 |   6327 |    435 |   2478 |   2629 |   4 | 1690.5 |
     Snake Pit |   5859 |   5692 |    167 |   2318 |   2579 |   4 | 1464.8 |
  Orcish Mines |   3246 |   3118 |    128 |   1467 |    998 |   2 | 1623.0 |
      Gauntlet |    468 |    468 |      0 |    206 |     85 |   1 |  468.0 |
               +--------+--------+--------+--------+--------+-----+--------+

Top non-repeatable levels by time:
 Snake:4: 2589 daAuts
  Lair:5: 2450 daAuts
   Orc:2: 2416 daAuts
Shoals:3: 2255 daAuts
Shoals:4: 1934 daAuts
  Lair:3: 1905 daAuts
     D:5: 1681 daAuts
  Lair:2: 1608 daAuts
 Snake:3: 1594 daAuts
Shoals:2: 1315 daAuts
Shoals:1: 1258 daAuts
     D:9: 1173 daAuts
  Lair:4: 1155 daAuts
     D:6: 1084 daAuts
  Lair:1: 1067 daAuts
